 Dungeon Crawl Stone Soup version 0.21.1-1-g345015f (webtiles) character file.

200 aMcNicky the Shield-Bearer (level 6, -2/48 HPs)
             Began as a Formicid Fighter on Mar 20, 2018.
             Slain by an orc priest
             ... wielding a +0 hand axe
              (5 damage)
             ... on level 3 of the Dungeon.
             The game lasted 00:05:49 (2517 turns).

aMcNicky the Shield-Bearer (Formicid Fighter)       Turns: 2517, Time: 00:05:49

Health: -2/48      AC:  7    Str: 23    XL:     6   Next: 6%
Magic:  6/6        EV:  8    Int:  7    God:
Gold:   107        SH:  9    Dex: 10    Spells: 5/5 levels left

rFire    . . .     SeeInvis +   a - +0 long sword
rCold    . . .     Gourm    .   c - +0 shield
rNeg     . . .     Faith    .   b - +0 scale mail
rPois    .         Spirit   .   (helmet unavailable)
rElec    .         Reflect  .   (no cloak)
rCorr    .         Harm     .   (no gloves)
MR       .....                  (no boots)
Stlth    ..........             (no amulet)
HPRegen  0.16/turn              (no ring)
MPRegen  0.10/turn              (no ring)

@: drained
A: permanent stasis, dig shafts and tunnels, four strong arms, antennae 3
a: Dig, Shaft Self


You were on level 3 of the Dungeon.
You were not hungry.

You visited 1 branch of the dungeon, and saw 3 of its levels.

You collected 107 gold pieces.

Inventory:

Hand Weapons
 a - a +0 long sword (weapon)
Armour
 b - a +0 scale mail (worn)
 c - a +0 shield (worn)
Scrolls
 e - 3 scrolls of identify {@r1}
 g - a scroll of enchant armour {unknown}
 i - a scroll of remove curse {unknown}
 l - a scroll of amnesia {unknown}
Potions
 k - a potion of agility
 m - a potion of curing {@q1}
Comestibles
 d - 2 chunks of flesh
 f - 6 rations


   Skills:
 + Level 4.2(3.8) Fighting
 * Level 3.9(3.5) Long Blades
 + Level 4.2(3.8) Armour
 + Level 4.7(4.3) Shields


You had 5 spell levels left.
You didn't know any spells.

Dungeon Overview and Level Annotations

Branches:
Dungeon (3/15)

Altars:


Innate Abilities, Weirdness & Mutations

You cannot be hasted, slowed, berserked, paralysed or teleported.
You can dig through walls and to a lower floor.
Your four strong arms can wield two-handed weapons with a shield.
You have a pair of large antennae on your head. (SInv)


Message History

The orc priest invokes the aid of Beogh against you.
Beogh smites you!
You closely miss the orc priest.
The orc priest begins to cast a cantrip, but forgets the words!
The orc priest mumbles some strange prayers to Beogh against you.
Pain shoots through your body!
* * * LOW HITPOINT WARNING * * *
You slash the orc priest!
The orc priest is heavily wounded.
The orc priest calls down the wrath of Beogh upon you.
Pain shoots through your body!
* * * LOW HITPOINT WARNING * * *
Okay, then.
You hit the orc priest.
The orc priest is severely wounded.
You block the orc priest's attack. x2
You closely miss the orc priest.
The orc priest is severely wounded.
The orc priest hits you with a hand axe.
You die...

#.##.##
##.......##
#.#### ##.....##
#.# ##...##
###.##### ##+#
#.......#
#.#.###.# #.#.#
#.# # #.###.##
#..@oo.##
#####...#
#.#####...####
#..oo).........%.
#################


You could see 2 orc priests.

Vanquished Creatures
  An ogre (D:2)
  An orc priest (D:3)
  3 adders (D:2)
  2 dart slugs (D:2)
  6 orcs
  7 bats
  3 giant cockroaches
  3 goblins (D:1)
  5 hobgoblins
  3 jackals (D:1)
  4 kobolds
  A quokka (D:2)
  A ball python (D:1)
  10 frilled lizards (D:2)
  4 rats
54 creatures vanquished.

Notes
Turn   | Place    | Note
-------+----------+-------------------------------------------
     0 | D:1      | aMcNicky the Formicid Fighter began the quest for the Orb.
     0 | D:1      | Reached XP level 1. HP: 18/18 MP: 1/1
   158 | D:1      | Reached XP level 2. HP: 13/24 MP: 2/2
   613 | D:1      | Reached XP level 3. HP: 29/29 MP: 3/3
  1179 | D:2      | Noticed an ogre
  1184 | D:2      | Killed an ogre
  1184 | D:2      | Reached XP level 4. HP: 22/37 MP: 4/4
  1184 | D:2      | Reached XP level 5. HP: 25/42 MP: 5/5
  2411 | D:3      | Reached XP level 6. HP: 41/48 MP: 6/6
  2517 | D:3      | Slain by an orc priest

Skill      XL: |  1  2  3 |
---------------+----------+-----
Shields        | 4 |  4.7
Fighting       | 4 |  4.2
Long Blades    | 3 |  3.9
Armour         | 4 |  4.2

Action                   |  1- 3 |  4- 6 || total
-------------------------+-------+-------++-------
Melee: Long sword        |    81 |    86 ||   167
  Use: Potion            |     1 |       ||     1
       Scroll            |       |     4 ||     4
  Eat: Chunk             |     1 |     2 ||     3
       Ration            |       |     1 ||     1
Armor: Scale mail        |    49 |    36 ||    85
Dodge: Dodged            |    33 |    38 ||    71
Block: Shield            |    47 |    38 ||    85
       Rpst.: Long sword |     7 |    17 ||    24
